Map: Catalyst LE

Players

ZergGirl

  • Race: Zerg Zerg
  • League: Master
  • Spawn Location: 11:00

Florencio - Winner!

  • Race: Protoss Protoss
  • League: Master
  • Spawn Location: 5:00

VOD

Have the link to the VOD?

Description

Time

  • Played on: Jan. 14, 2018, 5:35 p.m.
  • Length: 8:34
Show
View Real Time Build Order
Export as new Build Order

ZergGirl Zerg 

Build Orders: Hatch First 

Get SALT Encoding   

  12  0:00  Drone  
  13  0:12  Overlord  
  13  0:17  Drone  
  14  0:32  Drone x2  
  16  0:35  Drone  
  17  0:54  Hatchery  
  16  0:57  Drone  
  16  1:02  Drone  
  18  1:09  Extractor  
  17  1:18  Spawning Pool  
  17  1:22  Drone  
  17  1:28  Drone  
  18  1:34  Drone  
  18  1:39  Drone  
  20  1:50  Drone  
  21  2:05  Drone  
  21  2:07  Drone  
  23  2:12  Drone  
  24  2:17  Drone  
  21  2:27  Drone  
  22  2:31  Extractor  
  21  2:39  Drone  
  23  2:50  Roach Warren  
  21  2:55  Overlord  
  21  3:07  Queen  
  21  3:11  Drone  
  24  3:26  Evolution Chamber, Drone  
  24  3:29  Roach x2  
  28  3:39  Roach  
  30  3:54  Overlord  
  30  4:04  Overlord  
  30  4:12  Queen  
  30  4:16  Roach x3  
  38  4:25  Roach x2  
  42  4:37  Ravager x3  
  45  4:41  Ravager  
  46  5:16  Lair, Overlord  
  46  5:17  Overlord x2  
  46  5:37  Spine Crawler x2  
  46  5:38  Spine Crawler  
  46  5:40  Ravager x2  
  45  5:49  Roach x3  
  51  6:07  Roach  
  53  6:15  Ravager x2  
  55  6:27  Ravager  
  55  6:29  Drone x3  
  59  6:41  Drone  
  59  6:42  Overseer  
  58  6:59  Ravager  
  59  7:02  Roach x2  
  63  7:10  Overseer  
  63  7:12  Overlord x2  
  61  7:18  Spore Crawler  
  61  7:19  Spore Crawler  
  57  7:30  Spore Crawler  
  57  7:31  Spore Crawler  
Show
View Real Time Build Order
Export as new Build Order

Florencio Protoss - Winner!

Build Orders: Cannon Rush 

Get SALT Encoding   

  12  0:01  Probe  
  13  0:13  Probe  
  14  0:24  Pylon  
  14  0:25  Probe  
  16  0:42  Probe (Chrono Boost)  
  16  0:47  Forge  
  16  0:54  Probe (Chrono Boost)  
  17  1:14  Pylon  
  17  1:15  Probe  
  18  1:35  Photon Cannon x2  
  18  1:38  Photon Cannon  
  18  1:39  Pylon  
  18  1:44  Photon Cannon  
  18  1:47  Photon Cannon  
  18  1:56  Photon Cannon  
  17  2:07  Photon Cannon  
  17  2:09  Photon Cannon  
  17  2:14  Photon Cannon  
  17  2:22  Photon Cannon  
  17  2:30  Probe (Chrono Boost)  
  17  2:33  Assimilator  
  17  2:36  Assimilator  
  18  2:45  Gateway  
  18  2:50  Nexus  
  18  2:51  Probe (Chrono Boost)  
  19  3:01  Probe (Chrono Boost)  
  20  3:14  Photon Cannon  
  20  3:16  Probe (Chrono Boost)  
  21  3:26  Probe (Chrono Boost)  
  22  3:33  Cybernetics Core  
  22  3:36  Probe  
  23  3:43  Pylon  
  23  3:53  Probe  
  24  4:08  Assimilator  
  24  4:12  Stargate  
  24  4:14  Stargate  
  24  4:19  Assimilator  
  24  4:22  Probe  
  25  4:34  Probe  
  26  4:47  Probe  
  27  4:56  Void Ray  
  27  4:59  Probe  
  31  5:24  Void Ray (Chrono Boost)  
  35  5:32  Pylon  
  35  5:37  Void Ray (Chrono Boost)  
  39  5:49  Pylon  
  39  5:59  Pylon  
  39  6:03  Shield Battery  
  39  6:07  Shield Battery  
  39  6:16  Void Ray (Chrono Boost)  
  43  6:35  Void Ray (Chrono Boost)  
  47  6:42  Pylon  
  47  6:51  Pylon  
  47  7:00  Void Ray  
  51  7:41  Void Ray  
  51  7:43  Void Ray  
  59  7:54  Pylon  
Tags
 
Add a new tag
Caveats
  • Supply blocks, unpowered buildings, or Contaminate may cause inaccurate times.
  • Supply counts are checked every 10 seconds.